 Dungeon Crawl Stone Soup version 0.31-a0-831-g143b1e81fc (webtiles) character file.

Game seed: 4205851175142269915

5362 mopl the Martial Artist (level 10, 0/68 HPs)
             Began as an Octopode Shapeshifter on Sept 24, 2023.
             Slain by an unseen horror (9 damage)
             ... on level 7 of the Dungeon.
             The game lasted 00:09:40 (6345 turns).

mopl the Martial Artist (Octopode Shapeshifter)     Turns: 6345, Time: 00:09:40

Health: 0/68       AC:  1    Str: 13    XL:     10   Next: 65%
Magic:  0/10       EV: 17    Int: 20    God:
Gold:   457        SH:  0    Dex: 21    Spells: 9/9 levels left

rFire   . .          .
                       - Unarmed
rCold   . . .        (no shield)
rNeg    . . .        (helmet currently unavailable)
rPois   .            F - amulet of guardian spirit
rElec   .            t - +6 ring of dexterity
rCorr   .            w - +6 ring of intelligence
SInv    .            (no ring)
Will    .....        (no ring)
Stlth   +++          (no ring)
HPRegen 0.31/turn    (no ring)
MPRegen 0.12/turn    (no ring)
                     (no ring)

%: guardian spirit
@: beast-form
A: beast (slay +4), almost no armour, amphibious, 8 rings, camouflage 1,
gelatinous body 1, (nimble swimmer 1), tentacles
a: Begin Untransformation


You were on level 7 of the Dungeon.
You were a hulking beast.
You visited 1 branch of the dungeon, and saw 8 of its levels.
You also visited: Ossuary.

You collected 457 gold pieces.

Inventory:

Hand Weapons
 H - a +1 hand axe of flaming
 L - a +4 trident of draining
Missiles
 n - 2 atropa-tipped darts
 s - 9 boomerangs
 x - 11 poisoned darts (quivered)
 y - a throwing net
Armour
 M - an orb of mayhem
Jewellery
 l - an amulet of magic regeneration
 t - a +6 ring of dexterity (left tentacle)
 w - a +6 ring of intelligence (right tentacle)
 F - an amulet of guardian spirit (around mantle)
Talismans
 b - a beast talisman (active)
 c - a flux talisman
Wands
 a - a wand of iceblast (9)
 z - a wand of paralysis (13)
 K - a wand of light (9)
Scrolls
 d - 5 scrolls of teleportation
 f - 2 scrolls of fog {unknown}
 g - 2 scrolls of amnesia {unknown}
 j - a scroll of noise {unknown}
 p - a scroll of identify {unknown}
 q - 4 scrolls of blinking {unknown}
 u - 5 scrolls of vulnerability {unknown}
 A - 3 scrolls of poison {unknown}
 D - a scroll of silence {unknown}
 E - a scroll of torment {unknown}
 G - a scroll of enchant weapon {unknown}
 I - a scroll of acquirement {unknown}
Potions
 e - 3 potions of cancellation {unknown}
 h - 2 potions of attraction {unknown}
 i - 3 potions of mutation {unknown}
 k - 3 potions of invisibility
 m - 5 potions of curing {unknown}
 o - 5 potions of haste {unknown}
 r - a potion of heal wounds
 v - 2 potions of resistance {unknown}
 B - 3 potions of might {unknown}
 C - a potion of enlightenment {unknown}
 J - a potion of magic {unknown}


   Skills:
 + Level 6.1 Fighting
 + Level 4.9 Throwing
 + Level 6.2 Dodging
 * Level 9.0 Unarmed Combat
 * Level 8.4 Shapeshifting


You had 9 spell levels left.
You didn't know any spells.
Your spell library contained the following spells:

 Spells                   Type           Power      Damage    Failure   Level
 Summon Small Mammal      Summ           0%         N/A       19%         1
 Call Canine Familiar     Summ           0%         N/A       50%         3


Dungeon Overview and Level Annotations

Branches:
Dungeon (8/15)               Lair (0/5) D:8         Ossuary (visited)
 Temple: D:4-7

Altars:
Ashenzari
Cheibriados
Fedhas
Hepliaklqana
Kikubaaqudgha
Makhleb
Sif Muna
Trog
Wu Jian
The Shining One


Innate Abilities, Weirdness & Mutations

You are a hulking beast.
Your limbs bulge with bestial killing power. (Slay +4)
You cannot wear most types of armour.
You are amphibious.
You can wear up to eight rings at the same time.
Your skin changes colour to match your surroundings (Stealth+).
Your rubbery body absorbs attacks. (AC +1, EV +1)
((You are camouflaged when in or above water. (Stealth+)))
You have tentacles for arms and can constrict up to eight enemies at once.


Message History

The helpless Jeremiah fails to defend themself.
You tentacle-slap Jeremiah but do no damage.
You tentacle-slap Jeremiah, but do no damage.
Jeremiah is moderately wounded.
You constrict Jeremiah.
The helpless Jeremiah fails to defend themself.
You tentacle-slap Jeremiah. You squeeze Jeremiah, but do no damage.
Jeremiah is heavily wounded.
You constrict Jeremiah.
The helpless Jeremiah fails to defend themself.
You batter Jeremiah!!
Jeremiah is almost dead.
You constrict Jeremiah.
You kill Jeremiah!
The butterfly disappears in a burst of colours! x3
Your Unarmed Combat skill increases to level 9!
Things that are here:
a +4 trident of draining; a +0 robe; an orb of mayhem
L - a +4 trident of draining;
M - an orb of mayhem You open the door.
Found a glowing golden altar of the Shining One.
There is an open door here.
You now have 457 gold pieces (gained 6).
Found a stone staircase leading down.
Something barely misses you. Something hits you.
Deactivating autopickup; reactivate with Ctrl-A.
Something hits you! x2
You tentacle-slap something. Something hits you! Something hits you.
You tentacle-slap something. Something hits you!
You swing at nothing.
You bludgeon something! Something hits you but does no damage.
You swing at nothing.
You barely miss something. You squeeze something! Something hits you.
You swing at nothing.
You bludgeon something! Something hits you!
* * * LOW HITPOINT WARNING * * *
Something hits you!
* * * LOW HITPOINT WARNING * * *
You barely miss something. Something hits you!
You die...

#...###....##.#.##.....
#####..#..#..##..
#...... #........###.#
#.>#......
....##...####.#
#..#...... ...
###....#.###......... .
. ####....##...).....
.. ###...............
#.. #...#####...#.....
....###h### #....######
#.....#.# #....
#.#.....### #.#..
..........# . #.
#...#.....# #< ...
#........ #.
##.#....>.. . ..
#...... #.. ...#..


There were no monsters in sight!

Vanquished Creatures
  An ugly thing (D:8)
  Jeremiah (D:7)
  Psyche (D:8)
  A troll (D:8)
  Sigmund (D:3)
  A ynoxinul (D:8)
  A wyvern (D:8)
  7 yaks
  2 water moccasins (D:7)
  2 sky beasts
  An ice beast (D:7)
  An orc warrior (D:8)
  3 ogres
  3 centaurs
  A kobold brigand (D:8)
  2 bullfrogs
  A necrophage (D:5)
  3 scorpions
  3 wights (D:6)
  A howler monkey (D:7)
  2 human zombies (Ossuary)
  8 orc priests
  4 hounds
  Terence (D:2)
  2 iguanas
  A sleepcap (D:5)
  9 orc wizards
  A hound skeleton (D:5)
  4 mummies (Ossuary)
  11 gnolls
  5 adders
  A shadow imp (D:7)
  A white imp (D:7)
  3 adder zombies (Ossuary)
  A worm (D:2)
  2 dart slugs
  19 orcs
  3 bats
  2 endoplasms
  5 giant cockroaches
  2 gnoll zombies (Ossuary)
  12 hobgoblins
  10 kobolds
  A quokka (D:5)
  5 ball pythons
  A frilled lizard (D:1)
  3 goblins
  2 goblin zombies (Ossuary)
  A jackal zombie (Ossuary)
  An orc zombie (Ossuary)
  6 rats
  A rat zombie (Ossuary)
167 creatures vanquished.

Notes
Turn   | Place    | Note
-------+----------+-------------------------------------------
     0 | D:1      | mopl the Octopode Shapeshifter began the quest for the Orb.
     0 | D:1      | Reached XP level 1. HP: 13/13 MP: 1/1
   107 | D:1      | Reached XP level 2. HP: 18/18 MP: 2/2
   600 | D:1      | Reached XP level 3. HP: 23/23 MP: 3/3
   907 | D:2      | Noticed Terence
   929 | D:2      | Killed Terence
   930 | D:2      | Reached XP level 4. HP: 7/29 MP: 4/4
  1438 | D:3      | Noticed a scorpion
  1463 | D:3      | Killed a scorpion
  1464 | D:3      | Reached skill level 2 in Fighting
  1464 | D:3      | Reached skill level 4 in Unarmed Combat
  1464 | D:3      | Reached skill level 4 in Shapeshifting
  1464 | D:3      | Reached XP level 5. HP: 34/34 MP: 5/5
  1625 | D:3      | Noticed Sigmund
  1675 | D:3      | Killed Sigmund
  1676 | D:3      | Reached skill level 3 in Dodging
  1676 | D:3      | Reached XP level 6. HP: 12/41 MP: 6/6
  1863 | D:3      | Found an ornate altar of the Wu Jian Council.
  1974 | D:3      | Found a snail-covered altar of Cheibriados.
  2305 | D:4      | Reached XP level 7. HP: 43/45 MP: 7/7
  2337 | D:4      | Reached skill level 5 in Unarmed Combat
  2364 | D:4      | HP: 1/45 [orc wizard/+0 dagger (4)]
  2371 | D:4      | Reached skill level 3 in Fighting
  2373 | D:4      | HP: 3/69 [orc wizard/+0 dagger (2)]
  2379 | D:4      | Reached skill level 5 in Shapeshifting
  2555 | D:4      | Found a sand-covered staircase.
  2560 | Ossuary  | Entered an ossuary
  3061 | D:5      | Entered Level 5 of the Dungeon
  3075 | D:5      | Reached XP level 8. HP: 52/52 MP: 8/8
  3232 | D:5      | Noticed a yak
  3234 | D:5      | Noticed a yak
  3235 | D:5      | Noticed a yak
  3299 | D:5      | Killed a yak
  3300 | D:5      | Reached skill level 1 in Throwing
  3300 | D:5      | Reached skill level 4 in Dodging
  3300 | D:5      | Reached skill level 6 in Unarmed Combat
  3548 | D:5      | Killed a yak
  3671 | D:5      | Killed a yak
  3672 | D:5      | Reached skill level 4 in Fighting
  3672 | D:5      | Reached skill level 2 in Throwing
  3672 | D:5      | Reached skill level 6 in Shapeshifting
  3871 | D:5      | Found a burning altar of Makhleb.
  3932 | D:5      | Found an ancient bone altar of Kikubaaqudgha.
  3941 | D:5      | Reached XP level 9. HP: 59/59 MP: 9/9
  4131 | D:6      | Reached skill level 7 in Unarmed Combat
  4339 | D:6      | Reached skill level 3 in Throwing
  4503 | D:6      | You fall into a shaft and drop 2 floors!
  4628 | D:8      | Reached skill level 5 in Dodging
  4640 | D:8      | Found a broken altar of Ashenzari.
  4661 | D:8      | Reached skill level 7 in Shapeshifting
  4747 | D:8      | Noticed Psyche
  4767 | D:8      | Reached skill level 5 in Fighting
  4995 | D:8      | Killed Psyche
  4996 | D:8      | Reached skill level 4 in Throwing
  4996 | D:8      | Reached skill level 8 in Unarmed Combat
  5066 | D:8      | Noticed a green ugly thing
  5078 | D:8      | Killed a green ugly thing
  5079 | D:8      | Reached XP level 10. HP: 30/67 MP: 8/10
  5390 | D:8      | Found a shimmering blue altar of Sif Muna.
  5403 | D:8      | Got a peculiar book
  5408 | D:8      | Found a bloodstained altar of Trog.
  5450 | D:8      | Found a staircase to the Lair.
  5515 | D:8      | Reached skill level 8 in Shapeshifting
  5713 | D:8      | Found a blossoming altar of Fedhas.
  6021 | D:7      | Reached skill level 6 in Dodging
  6032 | D:7      | Found a bloodstained altar of Trog.
  6046 | D:7      | Found a hazy altar of Hepliaklqana.
  6153 | D:7      | Reached skill level 6 in Fighting
  6177 | D:7      | Found an ancient bone altar of Kikubaaqudgha.
  6215 | D:7      | Noticed Jeremiah
  6300 | D:7      | Killed Jeremiah
  6301 | D:7      | Reached skill level 9 in Unarmed Combat
  6313 | D:7      | Found a glowing golden altar of the Shining One.
  6345 | D:7      | Slain by an unseen horror

Illustrated notes

Levels and vault maps discovered:
D:1:      dpeg_arrival_central, layout_loops_ring
D:2:      layout_rooms, minmay_tripent, uniq_terence
D:3:      layout_rooms, mainiacjoe_overflow_cross_hatched, cheibriados_altar_1,
          uniq_sigmund
D:4:      layout_rooms, enter_ossuary_5
D:5:      layout_cave_pools, mainiacjoe_overflow_surrounded_room,
          makhleb_blood_cavern_becter, chequers_serial_rivers_small_3
D:6:      layout_basic
D:7:      layout_rooms, tso_oasis_becter, general_overflow_altar,
          minmay_temple_entry_antechambers, corner_web_ring,
          hangedman_feature_mirror, minmay_tree_intersection,
          hangedman_decor_lopped, minivault_26, uniq_jeremiah, uniq_pikel
D:8:      layout_loops_ring, nzn_overflow_gifts_of_might_and_magic,
          fedhas_altar_4, mainiacjoe_overflow_alcove_4, lair_entry_dummy,
          uniq_psyche

Skill      XL: |  1  2  3  4  5  6  7  8  9 10 |
---------------+-------------------------------+-----
Fighting       | 2 3 4 5 6 |  6.1
Unarmed Combat | 4 5 6 8 9 |  9.0
Shapeshifting  | 4 5 6 7 8 |  8.4
Dodging        | 3 4 5 6 |  6.2
Throwing       | 2 4 |  4.9

Action                     |  1- 3 |  4- 6 |  7- 9 | 10-12 || total
---------------------------+-------+-------+-------+-------++-------
  Melee: Unarmed           |    53 |    64 |   260 |    97 ||   474
         Constrict         |    14 |    14 |    51 |    23 ||   102
         Tentacles         |    10 |    13 |    66 |    26 ||   115
         Punch             |     3 |       |    13 |     8 ||    24
  Throw: Dart              |       |       |    10 |       ||    10
  Evoke: Wand              |       |       |       |     2 ||     2
    Use: Potion            |       |     2 |     4 |       ||     6
         Scroll            |       |       |     1 |       ||     1
   Stab: Sleeping          |     5 |     2 |     7 |     5 ||    19
         Invisible         |       |       |     1 |       ||     1
         Paralysed         |       |       |       |     4 ||     4
 Armour: Skin              |    16 |    29 |    98 |    40 ||   183
  Dodge: Dodged            |    21 |    32 |   115 |    60 ||   228

Table legend: (Time is in decaauts)
 A = Elapsed time spent in this place.
 B = Non-inter-level travel time spent in this place.
 C = Inter-level travel time spent in this place.
 D = Time resting spent in this place.
 E = Time spent auto-exploring this place.
 F = Levels seen in this place.
 G = Mean time per level.
                   A        B        C        D        E       F      G
               +--------+--------+--------+--------+--------+-----+--------+
         Total |   6285 |   6104 |    181 |   1530 |   3088 |   9 |  698.3 |
       Dungeon |   6094 |   5913 |    181 |   1508 |   3051 |   8 |  761.8 |
       Ossuary |    191 |    191 |      0 |     22 |     37 |   1 |  191.0 |
               +--------+--------+--------+--------+--------+-----+--------+

Top non-repeatable levels by time:
     D:8: 1463 daAuts
     D:5: 994 daAuts
     D:1: 843 daAuts
     D:3: 796 daAuts
     D:4: 619 daAuts
     D:2: 589 daAuts
     D:6: 434 daAuts
     D:7: 353 daAuts
 Ossuary: 191 daAuts
